 Dungeon Crawl Stone Soup version 0.27-a0-1378-gdefffd1ff6 (webtiles) character file.

Game seed: 15847002103743891367

6561 Lanoc the Arsonist (level 10, -2/56 HPs)
             Began as a Demonspawn Fire Elementalist on June 29, 2021.
             Slain by a yak (6 damage)
             ... on level 10 of the Dungeon.
             The game lasted 00:20:24 (13708 turns).

Lanoc the Arsonist (Demonspawn Fire Elementalist)  Turns: 13708, Time: 00:20:25

Health: -2/56      AC:  4    Str:  9    XL:     10   Next: 70%
Magic:  4/13       EV: 17    Int: 17    God:
Gold:   506        SH:  0    Dex: 16    Spells: 3/13 levels left

rFire    + . .     SeeInvis .   a - +10 short sword of Futoce Velon {venom, Drain rPois rN+}
rCold    x . .     Faith    .   (no shield)
rNeg     + . .     Spirit   .   p - +0 robe
rPois    +         Reflect  .   (no helmet)
rElec    .         Harm     .   (no cloak)
rCorr    .         Rampage  .   (no gloves)
Will     .....                  (no boots)
Stlth    +++.......             g - amulet of the acrobat
HPRegen  0.18/turn              C - ring of fire
MPRegen  0.13/turn              n - ring of wizardry

@: no status effects
A: talons 2, thin metallic scales 1, powered by death 2, spiny 1, thin skeletal
structure 1, dopey 1, frail 1
a: no special abilities


You were on level 10 of the Dungeon.
You visited 2 branches of the dungeon, and saw 11 of its levels.
You also visited: Sewer.

You collected 506 gold pieces.

Inventory:

Hand Weapons
 a - the +10 short sword of Futoce Velon (weapon) {venom, Drain rPois rN+}
   (You found it on level 5 of the Dungeon)

   It poisons the flesh of those it strikes.
   rPois:     It protects you from poison.
   rN:        It protects you from negative energy.
   Drain:     It drains your maximum health when unequipped.
 z - the +8 hunting sling "Eruidic" {flame, rElec rPois Int-2 Stlth+}
   (You found it on level 8 of the Dungeon)

   It causes projectiles fired from it to burn those they strike, causing extra
   injury to most foes and up to half again as much damage against particularly
   susceptible opponents.
   Int:       It affects your intelligence (-2).
   rElec:     It insulates you from electricity.
   rPois:     It protects you from poison.
   Stlth:     It makes you more stealthy.
Missiles
 j - 8 curare-tipped darts (quivered)
Armour
 p - a +0 robe (worn)
Jewellery
 f - a ring of poison resistance
 g - an amulet of the acrobat (around neck)
 m - a +6 ring of dexterity
 n - a ring of wizardry (right hand)
 C - a ring of fire (left hand)
 E - a ring of resist corrosion
Wands
 s - a wand of flame (59)
 t - a wand of acid (11)
 v - a wand of charming (9)
 B - a wand of iceblast (11)
Scrolls
 h - 3 scrolls of blinking
 i - 4 scrolls of teleportation
 k - a scroll of torment {unknown}
 l - a scroll of holy word {unknown}
 r - a scroll of silence {unknown}
 y - a scroll of brand weapon {unknown}
 A - a scroll of fog
 D - 2 scrolls of enchant weapon {unknown}
Potions
 b - a potion of brilliance
 c - 3 potions of heal wounds
 d - a potion of magic {unknown}
 e - 3 potions of curing
 o - 2 potions of attraction
 q - a potion of lignification
 u - 2 potions of resistance
 w - a potion of berserk rage
 x - 2 potions of cancellation


   Skills:
 + Level 8.9 Dodging
 - Level 1.7 Stealth
 - Level 2.0 Spellcasting
 - Level 1.0 Conjurations
 * Level 12.3 Fire Magic


You had 3 spell levels left.
You knew the following spells:

 Your Spells              Type           Power      Damage    Failure   Level
a - Sticky Flame          Conj/Fire      36%        2d6       5%          4
b - Fireball              Conj/Fire      18%        3d9       14%         5
h - Foxfire               Conj/Fire      100%       2x1d9     1%          1

Your spell library contained the following spells:

 Spells                   Type           Power      Damage    Failure   Level
 Conjure Flame            Conj/Fire      36%        6-21      1%          3
 Inner Flame              Hex/Fire       33%        N/A       1%          3
 Magic Dart               Conj           20%        1d4       5%          1
 Animate Skeleton         Necr           2%         N/A       8%          1
 Apportation              Tloc           2%         N/A       8%          1
 Corona                   Hex            1%         N/A       8%          1
 Summon Small Mammal      Summ           4%         N/A       8%          1
 Searing Ray              Conj           10%        3d3       8%          2
 Dazzling Flash           Conj/Hex       6%         N/A       19%         3
 Confusing Touch          Hex            1%         N/A       22%         3
 Gell's Gravitas          Tloc           0%         N/A       22%         3
 Fulminant Prism          Conj/Hex       1%         3d6       50%         4
 Iskenderun's Mystic Bla  Conj/Tloc      3%         2d3       50%         4
 Petrify                  Tmut/Erth      1%         N/A       56%         4
 Metabolic Englaciation   Hex/Ice        0%         N/A       88%         5
 Yara's Violent Unravell  Hex/Tmut       0%         3d3       88%         5


Dungeon Overview and Level Annotations

Branches:
Dungeon (10/15)            Temple (1/1) D:6             Orc (0/2) D:9
  Sewer (visited)
   Lair: D:8-11

Altars:
Ashenzari
Cheibriados
Dithmenos
Elyvilon
Fedhas
Gozag
Hepliaklqana
Kikubaaqudgha
Makhleb
Nemelex Xobeh
Okawaru
Qazlal
Ru
Sif Muna
Trog
Uskayaw
Vehumet
Wu Jian
Xom
Yredelemnul
Zin
The Shining One

Shops:
D:2 =


Innate Abilities, Weirdness & Mutations

You have razor-sharp toenails.
You are partially covered in thin metallic scales. (AC +2)
You regenerate health from kills.
You are partially covered in sharp spines.
You have a somewhat thin skeletal structure. (Dex +2, Stealth+)
You are dopey. (Int -2)
You are frail. (-10% HP)


Message History

You feel a surge of power!
The sticky flame hits the yak.
The yak is severely wounded.
The yak is covered in liquid flames!
The yak burns!
The foxfire hits the yak.
The yak is severely wounded.
The foxfire hits the yak but does no damage.
The yak is severely wounded.
The yak barely misses you. The yak gores you! The yak completely misses you.
The yak barely misses you.
You puncture the yak!
You kill the yak!
The yak is struck by your spines. The yak closely misses you.
The yak is struck by your spines. The yak misses you. The yak gores you.
You puncture the yak!
You kill the yak!
The yak is struck by your spines. The yak barely misses you. The yak gores you.
The yak gores you!
* * * LOW HITPOINT WARNING * * *
You are too injured to fight recklessly!
You are too injured to fight recklessly!
You are too injured to fight recklessly!
An orc comes into view. It is wielding a +0 club.
The orc shouts!
An orc wizard comes into view. It is wielding a +0 dagger.
An orc comes into view. It is wielding a +0 club.
The orc wizard gestures at you while chanting.
You easily resist.
The orc wizard points at you and mumbles some strange words.
The magic dart hits you!
* * * LOW HITPOINT WARNING * * *
You hear a shout!
The orc shouts!
The orc wizard casts a spell at you. The puff of flame hits you. You resist.
* * * LOW HITPOINT WARNING * * *
There is a stone staircase leading up here.
The orc wizard mumbles some strange words.
The orc wizard flickers and vanishes!
Deactivating autopickup; reactivate with Ctrl-A.
The yak is struck by your spines. The yak gores you.
You die...

###..## ##...## #
##...## # ##...## ###
### ##...## ..## ###.##
#....#
...###.##.#####....#
#...#.####.#.###..#####
##....#####..##Y@.....#
#....##.....oY#...####
##.....#.#.....#o...##
#.##.....##.....{....#
#####.>..##...##..###..
##.......###...# .##
########...###..... .
.......#....#.......
.......#..........##


You could see 2 yaks and 2 orcs.

Vanquished Creatures
  A two-headed ogre (D:9)
  A centaur warrior (D:9)
  2 wraiths
  7 yaks
  A wyvern (D:10)
  Grum (D:8)
  Edmund (D:5)
  2 water moccasins (D:7)
  4 orc warriors (D:9)
  An ice beast (D:7)
  3 necrophages
  2 centaurs
  3 wolves (D:7)
  Blork the orc (D:5)
  7 kobold brigands
  A wyvern zombie (D:8)
  3 bullfrogs (D:8)
  A gnoll sergeant (D:7)
  A scorpion (D:5)
  A water moccasin zombie (D:5)
  4 killer bees (D:8)
  3 howler monkeys (D:9)
  A centaur zombie (D:8)
  A hound (D:6)
  A gnoll shaman (D:7)
  7 orc priests
  A centaur skeleton (D:7)
  An iguana (D:7)
  10 orc wizards
  A scorpion zombie (D:5)
  A hound skeleton (D:4)
  9 gnolls (D:7)
  2 river rats
  11 adders
  A shadow imp (D:7)
  2 ufetubi (D:4)
  2 worms
  A dart slug (D:3)
  17 orcs
  10 ball pythons
  4 endoplasms
  4 giant cockroaches
  9 goblins
  10 hobgoblins
  6 jackals
  2 quokkas
  4 bats
  16 kobolds
  13 rats
198 creatures vanquished.

Vanquished Creatures (collateral kills)
  A dart slug (D:4)
  A foxfire (D:3)
2 creatures vanquished.

Vanquished Creatures (others)
  877 foxfires
  A plant (D:8)
878 creatures vanquished.

Grand Total: 1078 creatures vanquished

Notes
Turn   | Place    | Note
-------+----------+-------------------------------------------
     0 | D:1      | Lanoc the Demonspawn Fire Elementalist began the quest for
                  | the Orb.
     0 | D:1      | Reached XP level 1. HP: 13/13 MP: 3/3
   203 | D:1      | Reached skill level 3 in Fire Magic
   303 | D:1      | Gained mutation: You are partially covered in thin metallic
                  | scales. (AC +2) [demonic ancestry]
   303 | D:1      | Reached XP level 2. HP: 19/19 MP: 0/5
  1262 | D:1      | You fall into a shaft and drop 1 floor!
  1387 | D:2      | Found Bugytz's Jewellery Boutique.
  1604 | D:2      | Gained mutation: You have sharp toenails. [demonic
                  | ancestry]
  1604 | D:2      | Reached XP level 3. HP: 24/24 MP: 4/6
  2229 | D:2      | HP: 1/24 [jackal (1)]
  2595 | D:2      | You fall into a shaft and drop 2 floors!
  2643 | D:4      | Reached skill level 4 in Fire Magic
  2643 | D:4      | Reached XP level 4. HP: 30/30 MP: 3/7
  2674 | D:4      | Noticed a necrophage
  2761 | D:4      | Found a glowing drain.
  2775 | D:4      | Killed a necrophage
  2776 | D:4      | Gained mutation: You regenerate a little health from kills.
                  | [demonic ancestry]
  2776 | D:4      | Reached XP level 5. HP: 32/35 MP: 0/8
  2845 | Sewer    | Entered a sewer
  2957 | Sewer    | Reached skill level 5 in Fire Magic
  3085 | Sewer    | Gained mutation: You have razor-sharp toenails. [demonic
                  | ancestry]
  3085 | Sewer    | Reached XP level 6. HP: 27/41 MP: 1/9
  3845 | D:3      | Reached skill level 6 in Fire Magic
  5069 | D:4      | Learned a level 4 spell: Sticky Flame
  5453 | D:4      | Gained mutation: You regenerate health from kills. [demonic
                  | ancestry]
  5453 | D:4      | Reached XP level 7. HP: 46/46 MP: 6/10
  5522 | D:5      | Entered Level 5 of the Dungeon
  5704 | D:5      | Identified the +10 short sword of Futoce Velon {venom,
                  | Drain rPois rN+}
  6337 | D:5      | Noticed Edmund
  6737 | D:5      | Noticed Blork the orc
  6744 | D:5      | Killed Blork the orc
  6745 | D:5      | Reached skill level 7 in Fire Magic
  6812 | D:5      | Killed Edmund
  6813 | D:5      | Reached skill level 5 in Dodging
  7087 | D:5      | Reached XP level 8. HP: 45/52 MP: 4/11
  7525 | D:6      | Found a staircase to the Ecumenical Temple.
  7562 | Temple   | Entered the Ecumenical Temple
  7681 | D:6      | Reached skill level 8 in Fire Magic
  7864 | D:6      | You fall into a shaft and drop 1 floor!
  8443 | D:7      | Reached skill level 9 in Fire Magic
  8644 | D:7      | Reached XP level 9. HP: 32/57 MP: 4/12
  8767 | D:7      | Found a large runed translucent door.
  8768 | D:7      | Found a large runed translucent door.
  8934 | D:6      | Found a burning altar of Makhleb.
  8936 | D:6      | Found an opulent altar of Gozag.
  8936 | D:6      | Found a snail-covered altar of Cheibriados.
  8936 | D:6      | Found a blossoming altar of Fedhas.
  8976 | D:6      | Found a bloodstained altar of Trog.
  8978 | D:6      | Found a stormy altar of Qazlal.
  8980 | D:6      | Found a shimmering blue altar of Sif Muna.
  9817 | D:7      | Found a sparkling altar of Nemelex Xobeh.
  9889 | D:7      | Found an iron altar of Okawaru.
 10074 | D:8      | Noticed Grum
 10329 | D:8      | HP: 2/57 [Grum (13)]
 10581 | D:8      | Killed Grum
 10582 | D:8      | Reached skill level 10 in Fire Magic
 10907 | D:8      | Identified the +8 hunting sling "Eruidic" {flame, rElec
                  | rPois Int-2 Stlth+}
 11128 | D:8      | Found a sacrificial altar of Ru.
 11188 | D:8      | Gained mutation: You are dopey. (Int -2) [potion of
                  | mutation]
 11188 | D:8      | Gained mutation: You have a somewhat thin skeletal
                  | structure. (Dex +2, Stealth+) [potion of mutation]
 11188 | D:8      | Gained mutation: You are frail. (-10% HP) [potion of
                  | mutation]
 11589 | D:9      | Noticed a two-headed ogre
 11609 | D:9      | Killed a two-headed ogre
 11610 | D:9      | Reached skill level 11 in Fire Magic
 11610 | D:9      | Gained mutation: You are partially covered in sharp spines.
                  | [demonic ancestry]
 11610 | D:9      | Reached XP level 10. HP: 56/56 MP: 1/13
 12093 | D:9      | Learned a level 5 spell: Fireball
 12167 | D:9      | Noticed a centaur warrior
 12176 | D:9      | Killed a centaur warrior
 13041 | D:9      | Reached skill level 12 in Fire Magic
 13161 | D:9      | Found a staircase to the Orcish Mines.
 13408 | D:10     | Entered Level 10 of the Dungeon
 13433 | D:10     | Identified the +3 long sword of Terra Cotta {elec, Will-
                  | Dex+2 SInv Stlth+}
 13708 | D:10     | Slain by a yak

Illustrated notes

Levels and vault maps discovered:
D:1:      onia_arrival_handbag, layout_basic, minmay_pentomino_s4
D:2:      layout_basic, shapermc_ecumenical_altar_flowoftime, serial_shops,
          nicolae_shop_window_shopping
D:3:      layout_basic, minmay_misc_feat_plants
D:4:      layout_cave_pools, portal_sewer_entry_e, minmay_curled_crystal
D:5:      layout_basic, uniq_edmund, uniq_blork_the_orc
D:6:      layout_basic, minitemple, minmay_temple_entry_stoned_glass
D:7:      layout_basic, jmf_multi_god_temple2
D:8:      layout_basic, kennysheep_mini, serial_bayou_pond_d,
          chequers_serial_rivers_small_a, uniq_grum
D:9:      layout_stronghold, david_orc_4, amcnicky_mini_rare_corridor_liquid,
          kennysheep_donut
D:10:     layout_layer_cave, serial_rivers, chequers_serial_rivers_micro_b,
          chequers_serial_rivers_micro_c, chequers_serial_rivers_micro_c,
          chequers_serial_rivers_micro_b, chequers_serial_rivers_small_b,
          chequers_serial_rivers_micro_c, grunt_decor_mini_mirrors,
          kennysheep_generic_room_4
Temple:   nicolae_temple_x_marks_the_god

Skill      XL: |  1  2  3  4  5  6  7  8  9 10 |
---------------+-------------------------------+-----
Dodging        | 2 3 4 5 6 7 8 |  8.9
Fire Magic     | 3 4 5 6 7 9 11 12 | 12.3
Stealth        | |  1.7
Spellcasting   | |  2.0
Conjurations   | |  1.0

Action                   |  1- 3 |  4- 6 |  7- 9 | 10-12 || total
-------------------------+-------+-------+-------+-------++-------
Melee: Unarmed           |    52 |    32 |       |       ||    84
       Kick              |     3 |     8 |    23 |    10 ||    44
       Short sword       |       |       |   116 |    32 ||   148
Throw: Dart              |       |       |       |     3 ||     3
 Cast: Foxfire           |   102 |   146 |   183 |    87 ||   518
       Sticky Flame      |       |       |    19 |     6 ||    25
  Use: Scroll            |     6 |     1 |     5 |       ||    12
       Potion            |     4 |     5 |     5 |       ||    14
 Stab: Sleeping          |       |       |     2 |       ||     2
Armor: Robe              |    34 |    15 |    31 |     4 ||    84
Dodge: Dodged            |    78 |    49 |   170 |    50 ||   347

Table legend: (Time is in decaauts)
 A = Elapsed time spent in this place.
 B = Non-inter-level travel time spent in this place.
 C = Inter-level travel time spent in this place.
 D = Time resting spent in this place.
 E = Time spent auto-exploring this place.
 F = Levels seen in this place.
 G = Mean time per level.
                   A        B        C        D        E       F      G
               +--------+--------+--------+--------+--------+-----+--------+
         Total |  13840 |  13550 |    290 |    740 |  10983 |  12 | 1153.3 |
       Dungeon |  12735 |  12445 |    290 |    740 |  10134 |  10 | 1273.5 |
        Temple |     78 |     78 |      0 |      0 |     50 |   1 |   78.0 |
         Sewer |   1026 |   1026 |      0 |      0 |    799 |   1 | 1026.0 |
               +--------+--------+--------+--------+--------+-----+--------+

Top non-repeatable levels by time:
     D:7: 1946 daAuts
     D:9: 1907 daAuts
     D:1: 1663 daAuts
     D:5: 1646 daAuts
     D:4: 1252 daAuts
     D:8: 1044 daAuts
     D:6: 1031 daAuts
   Sewer: 1026 daAuts
     D:3: 1011 daAuts
     D:2: 932 daAuts
    D:10: 300 daAuts
  Temple: 78 daAuts
